 Dungeon Crawl Stone Soup version 0.27-a0-1230-gfc7c993222 (webtiles) character file.

Game seed: 5470044292121152855

4307 Delamore the Spear-Bearer (level 10, 0/74 HPs)
             Began as a Formicid Fighter on June 8, 2021.
             Was an Initiate of Okawaru.
             Slain by an eight-headed hydra (7 damage)
             ... on level 7 of the Dungeon.
             The game lasted 00:08:43 (6393 turns).

Delamore the Spear-Bearer (Formicid Fighter)        Turns: 6393, Time: 00:08:43

Health: 0/74       AC:  9    Str: 24    XL:     10   Next: 58%
Magic:  10/10      EV:  8    Int: 19    God:    Okawaru [......]
Gold:   447        SH: 14    Dex: 10    Spells: 9/9 levels left

rFire    . . .     SeeInvis +   J - +1 spear (vamp)
rCold    . . .     Faith    .   c - +0 kite shield
rNeg     . . .     Spirit   .   E - +1 ring mail "Biukhage" {-Tele rElec Int+5 Stlth+}
rPois    .         Reflect  +   (helmet unavailable)
rElec    +         Harm     .   (no cloak)
rCorr    .         Rampage  .   C - +0 pair of gloves
Will     +....                  p - +0 pair of boots
Stlth    +.........             v - amulet of reflection
HPRegen  0.22/turn              r - +6 ring of intelligence
MPRegen  0.12/turn              l - ring of flight

@: flying
A: permanent stasis, dig shafts and tunnels, antennae 3, four strong arms
a: Dig, Shaft Self, Renounce Religion


You were on level 7 of the Dungeon.
You worshipped Okawaru.
Okawaru was noncommittal.
You visited 2 branches of the dungeon, and saw 9 of its levels.
You also visited: Sewer.

You collected 447 gold pieces.

Inventory:

Hand Weapons
 a - a +0 trident
 i - the +7 glaive of Insufficient Pleasure {speed, rPois Str+5 Dex-4}
   (You acquired it on level 1 of the Dungeon)

   Attacks with this weapon are significantly faster.
   It affects your strength (+5).
   It affects your dexterity (-4).
   It protects you from poison.
 J - a +1 vampiric spear (weapon)
Missiles
 g - 41 poisoned darts
 j - a throwing net
 y - 8 javelins
Armour
 c - a +0 kite shield (worn)
 p - a +0 pair of boots (worn)
 C - a +0 pair of gloves (worn)
 E - the +1 ring mail "Biukhage" (worn) {-Tele rElec Int+5 Stlth+}
   (You found it on level 5 of the Dungeon)

   It affects your intelligence (+5).
   It insulates you from electricity.
   It prevents most forms of teleportation.
   It makes you more stealthy.
Jewellery
 e - a ring of wizardry
 l - a ring of flight (right hand)
 r - a +6 ring of intelligence (left hand)
 v - an amulet of reflection (around neck)
 D - an amulet of faith
Wands
 b - a wand of acid (13)
 h - a wand of polymorph (5)
 B - a wand of digging (4)
 I - a wand of iceblast (7)
Scrolls
 q - a scroll of fog {unknown}
 s - a scroll of noise
 t - a scroll of summoning {unknown}
 u - 2 scrolls of brand weapon {unknown}
 w - 2 scrolls of amnesia
 H - a scroll of enchant weapon {unknown}
 K - 2 scrolls of vulnerability {unknown}
 L - a scroll of blinking {unknown}
Potions
 d - 6 potions of might
 f - 2 potions of haste
 k - 6 potions of curing
 m - 2 potions of flight
 n - 3 potions of invisibility
 o - 5 potions of degeneration
 x - a potion of berserk rage
 z - 3 potions of magic
 A - a potion of resistance
 F - a potion of heal wounds {unknown}
 G - a potion of brilliance {unknown}


   Skills:
 - Level 5.0 Fighting
 * Level 13.8 Polearms
 - Level 3.2 Armour
 - Level 3.6 Shields


You had 9 spell levels left.
You didn't know any spells.
Your spell library contained the following spells:

 Spells                   Type           Power      Damage    Failure   Level
 Confusing Touch          Hex            0%         N/A       96%         3
 Gell's Gravitas          Tloc           0%         N/A       96%         3
 Petrify                  Tmut/Erth      0%         N/A       100%        4
 Metabolic Englaciation   Hex/Ice        0%         N/A       100%        5
 Yara's Violent Unravell  Hex/Tmut       0%         3d3       100%        5


Dungeon Overview and Level Annotations

Branches:
Dungeon (8/15)             Temple (1/1) D:7           Sewer (visited)
   Lair: D:8-11

Altars:
Cheibriados
Dithmenos
Elyvilon
Fedhas
Hepliaklqana
Kikubaaqudgha
Makhleb
Nemelex Xobeh
Okawaru
Qazlal
Ru
Trog
Uskayaw
Vehumet
Wu Jian
Xom
Yredelemnul
Zin
The Shining One


Innate Abilities, Weirdness & Mutations

You cannot be hasted, slowed, berserked, paralysed or teleported.
You can dig through walls and to a lower floor.
You have a pair of large antennae on your head. (SInv)
Your four strong arms can wield two-handed weapons with a shield.


Message History

You block the kobold's attack.
You fly upwards.
There is a stone staircase leading down here.
You puncture the kobold!
You feel better.
You kill the kobold!
Things that are here:
a +0 short sword; 5 stones You start resting.
HP restored.
There is a stone staircase leading down here.
You fly downwards.
There is a stone staircase leading up here.
You fly upwards.
There is a stone staircase leading down here.
You fly downwards.
You block the eight-headed hydra's attack.
The eight-headed hydra bites you! x3
The eight-headed hydra barely misses you.
The eight-headed hydra bites you!
The eight-headed hydra bites you but does no damage. x2
There is a stone staircase leading up, spattered with blood here.
The eight-headed hydra bites you but does no damage. x2
You block the eight-headed hydra's attack.
The eight-headed hydra barely misses you.
The eight-headed hydra bites you. x2
The eight-headed hydra bites you but does no damage.
The eight-headed hydra bites you.
You fly upwards.
There is a stone staircase leading down here.
You hit the eight-headed hydra.
The eight-headed hydra is lightly wounded.
The eight-headed hydra bites you!
* * * LOW HITPOINT WARNING * * *
The eight-headed hydra bites you!
* * * LOW HITPOINT WARNING * * *
The eight-headed hydra bites you.
* * * LOW HITPOINT WARNING * * *
You block the eight-headed hydra's attack.
The eight-headed hydra bites you!
You die...

.###(####....# .#
#.........# .#
#.####.##.#
.###.####.##.#########
.#........#..........#
)....####.#...######.#
.#...####.#....### #.#
................D# #.#
###########....#@# #.#
# #####.#..#.# #.# #
#..)..#..#.# #.# #
#<##..#..#.###.# ###
#.##.))........#
..#####.##.##..#.######
.........#.........>..#
#.#####..####).#.####.#
#.# #..####..#.## #.#


You could see an eight-headed hydra.

Vanquished Creatures
  Pikel (D:5)
  Grinder (D:4)
  Sigmund (D:2)
  A wraith (D:7)
  Eustachio (D:5)
  Menkaure (D:6)
  A water moccasin (D:3)
  2 ice beasts (D:6)
  An orc warrior (D:7)
  A sky beast (D:7)
  A black bear (D:4)
  A necrophage (D:5)
  2 ogres
  5 centaurs
  A lemure (D:5)
  3 phantoms
  A kobold brigand (D:7)
  Blork the orc (D:6)
  3 bullfrogs
  A scorpion (D:6)
  A water moccasin zombie (D:5)
  3 water moccasin skeletons
  A howler monkey (D:4)
  3 bullfrog zombies (D:5)
  2 jellies
  2 orc priests (D:6)
  2 centaur skeletons (D:5)
  A bullfrog skeleton (D:7)
  3 hounds
  6 iguanas
  Terence (D:2)
  2 orc wizards
  A hound zombie (D:5)
  A howler monkey zombie (D:6)
  Robin (D:2)
  8 gnolls
  A river rat (D:6)
  8 adders
  An ufetubus (D:5)
  An adder skeleton (D:5)
  An adder zombie (D:5)
  7 worms
  18 orcs
  7 endoplasms
  6 giant cockroaches
  23 goblins
  18 hobgoblins
  14 jackals
  3 quokkas
  12 ball pythons
  14 bats
  6 frilled lizards
  12 kobolds
  10 rats
230 creatures vanquished.

Notes
Turn   | Place    | Note
-------+----------+-------------------------------------------
     0 | D:1      | Delamore the Formicid Fighter began the quest for the Orb.
     0 | D:1      | Reached XP level 1. HP: 18/18 MP: 1/1
   140 | D:1      | Identified a scroll of acquirement
   140 | D:1      | Acquired the +7 glaive of Insufficient Pleasure {speed,
                  | rPois Str+5 Dex-4}
   202 | D:1      | Reached XP level 2. HP: 24/24 MP: 2/2
   429 | D:1      | Reached XP level 3. HP: 30/30 MP: 3/3
   500 | D:1      | Found a faded altar of an unknown god.
   778 | D:2      | Noticed Sigmund
   913 | D:2      | Killed Sigmund
   914 | D:2      | Reached skill level 4 in Polearms
   914 | D:2      | Reached XP level 4. HP: 38/38 MP: 4/4
   914 | D:2      | Reached XP level 5. HP: 43/43 MP: 5/5
   940 | D:2      | Noticed Terence
   949 | D:2      | Killed Terence
   950 | D:2      | Reached XP level 6. HP: 48/49 MP: 6/6
  1034 | D:2      | Reached skill level 5 in Polearms
  1453 | D:2      | Noticed Robin
  1467 | D:2      | Killed Robin
  1696 | D:3      | Noticed a water moccasin
  1704 | D:3      | Killed a water moccasin
  1705 | D:3      | Reached skill level 5 in Fighting
  1705 | D:3      | Reached skill level 6 in Polearms
  1705 | D:3      | Reached XP level 7. HP: 48/56 MP: 7/7
  2302 | D:3      | Found a glowing golden altar of the Shining One.
  2366 | D:3      | Found a basalt altar of Yredelemnul.
  2366 | D:3      | Found a hide-covered altar of Uskayaw.
  2367 | D:3      | Found a radiant altar of Vehumet.
  2576 | D:4      | Reached skill level 7 in Polearms
  2657 | D:4      | Noticed Grinder
  2661 | D:4      | Killed Grinder
  2662 | D:4      | Reached skill level 8 in Polearms
  2662 | D:4      | Reached XP level 8. HP: 62/62 MP: 8/8
  3058 | D:4      | Reached skill level 9 in Polearms
  3137 | D:4      | Found a snail-covered altar of Cheibriados.
  3174 | D:5      | Entered Level 5 of the Dungeon
  3220 | D:5      | Noticed Pikel
  3228 | D:5      | Killed Pikel
  3229 | D:5      | Reached skill level 10 in Polearms
  3229 | D:5      | Reached XP level 9. HP: 59/68 MP: 9/9
  3340 | D:5      | Found a blossoming altar of Fedhas.
  3388 | D:5      | Noticed Eustachio
  3390 | D:5      | Reached skill level 11 in Polearms
  3393 | D:5      | Identified the +1 ring mail "Biukhage" {-Tele rElec Int+5
                  | Stlth+}
  3401 | D:5      | Killed Eustachio
  3677 | D:5      | Found an ancient bone altar of Kikubaaqudgha.
  4101 | D:6      | Noticed Blork the orc
  4107 | D:6      | Killed Blork the orc
  4108 | D:6      | Reached skill level 12 in Polearms
  4143 | D:6      | Reached XP level 10. HP: 61/74 MP: 10/10
  4224 | D:6      | Found a glowing drain.
  4232 | Sewer    | Entered a sewer
  4759 | D:6      | Noticed Menkaure
  4763 | D:6      | Killed Menkaure
  4813 | D:6      | Reached skill level 13 in Polearms
  5321 | D:7      | Found a staircase to the Ecumenical Temple.
  5414 | Temple   | Entered the Ecumenical Temple
  5495 | Temple   | Became a worshipper of Warmaster Okawaru
  6068 | D:8      | Noticed a five-headed hydra
  6393 | D:7      | Slain by an eight-headed hydra

Illustrated notes

Levels and vault maps discovered:
D:1:      nzn_arrival_crosshair, layout_basic,
          shapermc_ecumenical_altar_mp_highgroup
D:2:      layout_loops_ring, kennysheep_doodads, uniq_terence, uniq_sigmund,
          uniq_robin
D:3:      layout_loops_ring, gammafunk_temple_overflow_claw, tso_oasis_becter,
          patterned_corridor
D:4:      cheibrodos_greedy_goblins, layout_basic, slow_altar_2, uniq_grinder
D:5:      minmay_opposing_rooms, layout_basic, lemuel_tele_altar,
          fedhas_ov_isle_minmay, uniq_eustachio, uniq_pikel
D:6:      layout_rooms, portal_sewer_entry_e, uniq_menkaure, uniq_blork_the_orc
D:7:      layout_loops_ring, minmay_temple_entry_mist
D:8:      layout_basic, nicolae_gozag_zags_fifth_avenue, kennysheep_mini
Temple:   nicolae_temple_hex_pool

Skill      XL: |  1  2  3  4  5  6  7  8  9 10 |
---------------+-------------------------------+-----
Fighting       | 4 5 |  5.0
Polearms       | 4 6 8 10 12 13 | 13.8
Armour         | |  3.2
Shields        | |  3.6

Action                   |  1- 3 |  4- 6 |  7- 9 | 10-12 || total
-------------------------+-------+-------+-------+-------++-------
Melee: Glaive            |    38 |    69 |   236 |   152 ||   495
       Trident           |     6 |       |       |       ||     6
       Spear             |       |       |       |     2 ||     2
 Abil: Dig               |     2 |     2 |     8 |     3 ||    15
  Use: Scroll            |     5 |     1 |     3 |     5 ||    14
 Stab: Sleeping          |       |       |       |     3 ||     3
Armor: Scale mail        |    10 |       |       |       ||    10
       Chain mail        |       |     7 |    22 |       ||    29
       Ring mail         |       |       |    14 |    28 ||    42
Dodge: Dodged            |     9 |     6 |    24 |    32 ||    71
Block: Kite shield       |    11 |    19 |   102 |    92 ||   224
       Reflection        |       |     2 |     8 |    13 ||    23

Table legend: (Time is in decaauts)
 A = Elapsed time spent in this place.
 B = Non-inter-level travel time spent in this place.
 C = Inter-level travel time spent in this place.
 D = Time resting spent in this place.
 E = Time spent auto-exploring this place.
 F = Levels seen in this place.
 G = Mean time per level.
                   A        B        C        D        E       F      G
               +--------+--------+--------+--------+--------+-----+--------+
         Total |   6411 |   6153 |    258 |    383 |   4473 |  10 |  641.1 |
       Dungeon |   5843 |   5624 |    219 |    383 |   4049 |   8 |  730.4 |
        Temple |    104 |     65 |     39 |      0 |     63 |   1 |  104.0 |
         Sewer |    463 |    463 |      0 |      0 |    361 |   1 |  463.0 |
               +--------+--------+--------+--------+--------+-----+--------+

Top non-repeatable levels by time:
     D:7: 1044 daAuts
     D:1: 910 daAuts
     D:5: 865 daAuts
     D:2: 806 daAuts
     D:4: 796 daAuts
     D:3: 689 daAuts
     D:6: 656 daAuts
   Sewer: 463 daAuts
  Temple: 104 daAuts
     D:8: 73 daAuts
